 Seeded DCSS version 0.29.0 (webtiles) character file.

Game seed: 1 (custom seed)

16515 Kazon the Basher (level 11, -2/78 (92) HPs)
             Began as a Demigod Fighter on Aug 24, 2022.
             Slain by a minotaur
             ... wielding a +1 great sword of draining
              (10 damage)
             ... in a Gauntlet.
             The game lasted 00:39:49 (8851 turns).

Kazon the Basher (Demigod Fighter)                  Turns: 8851, Time: 00:39:49

HP:   -2/78 (92)    AC: 21    Str: 25    XL:     11   Next: 81%
MP:   14/14         EV:  6    Int: 10    God:
Gold: 647           SH:  6    Dex: 17    Spells: 10/10 levels left

rFire   . . .      SeeInvis .   q - +6 shillelagh "Devastator" {shatter}
rCold   . . .      Faith    .   c - +0 buckler
rNeg    . . .      Spirit   .   g - -2 crystal plate armour
rPois   +          Reflect  .   l - +0 helmet
rElec   .          Harm     .   (no cloak)
rCorr   .          Rampage  .   (no gloves)
Will    +....      NoTele   +   n - +2 pair of boots
Stlth   ..........              j - amulet of regeneration
HPRegen 1.03/turn               J - +4 ring of slaying
MPRegen 0.14/turn               D - ring of poison resistance

@: studying Maces & Flails, heavily drained
A: high MP 1, forlorn, divine attributes
a: no special abilities


You were in a Gauntlet.
You visited 1 branch of the dungeon, and saw 12 of its levels.
You also visited: Gauntlet.

You collected 1811 gold pieces.
You spent 1164 gold pieces at shops.

Inventory:

Hand Weapons
 e - a +2 dagger of venom
 f - a +1 war axe of flaming
 q - the +6 shillelagh "Devastator" (weapon) {shatter}
   (You found it on level 6 of the Dungeon)

   It releases a powerful concussive burst when it strikes, dealing extra damage
   to the target and all other foes adjacent to them.
 s - the +3 falchion of Winter {venom, rCorr}
   (You bought it in a shop on level 3 of the Dungeon)

   It poisons the flesh of those it strikes.
   rCorr:     It protects you from acid and corrosion.
 H - a +1 demon whip of venom
Missiles
 r - 23 poisoned darts
 t - 8 boomerangs
 B - 3 boomerangs of dispersal
 F - 2 throwing nets
 K - 2 curare-tipped darts (quivered)
Armour
 c - a +0 buckler (worn)
 g - a -2 crystal plate armour (worn)
 l - a +0 helmet (worn)
 n - a +2 pair of boots (worn)
 E - a +2 chain mail of cold resistance
Jewellery
 a - a ring of positive energy
 j - an amulet of regeneration (around neck)
 D - a ring of poison resistance (right hand)
 J - a +4 ring of slaying (left hand)
 O - the ring "Rutul" {Wiz rF+ Int+5}
   (You found it in a Gauntlet)

   [ring of wizardry]

   It improves your spell success rate.
   Int:       It affects your intelligence (+5).
   rF:        It protects you from fire.
 Q - the amulet of Otuet {Acrobat Str+6}
   (You found it in a Gauntlet)

   [amulet of the acrobat]

   It increases your evasion while moving and waiting.
   Str:       It affects your strength (+6).
Wands
 k - a wand of paralysis (3)
 x - a wand of flame (10)
 y - a wand of mindburst (12)
Scrolls
 i - a scroll of identify
 o - 2 scrolls of immolation {unknown}
 p - a scroll of fog {unknown}
 u - 4 scrolls of enchant weapon {unknown}
 w - 2 scrolls of vulnerability {unknown}
 A - 3 scrolls of blinking {unknown}
 I - a scroll of teleportation {unknown}
 L - a scroll of brand weapon {unknown}
 N - a scroll of enchant armour {unknown}
Potions
 b - a potion of heal wounds
 d - a potion of might
 h - 2 potions of flight
 m - a potion of berserk rage
 v - a potion of haste
 z - 2 potions of ambrosia
 C - 4 potions of curing {unknown}
 G - a potion of mutation
 M - a potion of lignification {unknown}


   Skills:
 * Level 7.1 Fighting
 + Level 7.5 Long Blades
 + Level 0.3(5.8) Axes
 + Level 9.3 Maces & Flails
 + Level 6.0 Throwing
 + Level 8.2 Armour
 + Level 3.8 Dodging
 + Level 1.9 Stealth
 + Level 5.3 Shields
 * Level 6.6 Evocations


You had 10 spell levels left.
You didn't know any spells.
Your spell library contained the following spells:

 Spells                   Type           Power      Damage    Failure   Level
 Apportation              Tloc           0%         N/A       100%        1
 Necrotise                Necr           0%         1d4       100%        1
 Sting                    Tmut/Pois      0%         1d3       100%        1
 Summon Small Mammal      Summ           0%         N/A       100%        1
 Ensorcelled Hibernation  Hex/Ice        0%         N/A       100%        2
 Poisonous Vapours        Pois/Air       0%         N/A       100%        2
 Ignite Poison            Fire/Tmut/Pois 0%         N/A       100%        3
 Mephitic Cloud           Conj/Pois/Air  0%         N/A       100%        3
 Spider Form              Tmut/Pois      0%         N/A       100%        3
 Anguish                  Hex/Necr       0%         N/A       100%        4
 Olgreb's Toxic Radiance  Pois           0%         N/A       100%        4
 Freezing Cloud           Conj/Ice/Air   0%         6-21      100%        5


Dungeon Overview and Level Annotations

Branches:
Dungeon (12/15)            Temple (0/1) D:7            Lair (0/5) D:10
Gauntlet (1/1)
    Orc: D:9-12

Shops:
D:3 (   D:7 *   D:9 (

Annotations:
D:8 3 runed translucent doors, Gurantaxtaxq's ghost, novice DECj; Valamore's ghost, novice OgFE; Venter's ghost, novice MiFi; voltaire321's ghost, novice DsIE; worthlessgem's ghost, novice FeTm
D:9 3 runed translucent doors, Iusername's ghost, novice MiFi Gauntlet 7 transporters, 3 runed translucent doors


Innate Abilities, Weirdness & Mutations

You have an increased reservoir of magic. (+10% MP)
You shall have no god before yourself.
Your divine heritage dramatically boosts your attributes as you level up.


Message History

You enter the transporter and appear at another place.
A minotaur comes into view.
It is wielding a +1 great sword of draining.
Throw: 3 darts (curare)
Press: ? - help, Q - select action, (/) - cycle Shift-Dir - straight line, f - minotaur
Aim: a minotaur, wielding a +1 great sword of draining, wearing a +0 chain mail and quivering javelins (wandering, hasn't noticed you, 78% to hit)
You throw a curare-tipped dart.
The curare-tipped dart hits the minotaur.
The minotaur is poisoned.
The minotaur convulses.
The minotaur seems to slow down.
The minotaur bellows!
The minotaur is lightly wounded.
The minotaur throws a javelin.
The javelin pierces through you!
You hit the minotaur.
The minotaur shudders.
The minotaur is moderately wounded. x2
You hit the minotaur.
The minotaur shudders.
The minotaur is moderately wounded.
The minotaur hits you with a +1 great sword of draining!
You feel drained. You block the minotaur's attack.
You sock the minotaur!
The minotaur shudders.
The minotaur is heavily wounded. x2
You hit the minotaur.
The minotaur shudders.
The minotaur is heavily wounded.
The minotaur hits you with a +1 great sword of draining!
You feel drained.
The minotaur gores you but does no damage.
You barely miss the minotaur.
The minotaur furiously retaliates!
The minotaur headbutts you, but does no damage.
The minotaur is heavily wounded.
The minotaur hits you with a +1 great sword of draining!
You feel drained.
The minotaur gores you but does no damage.
You hit the minotaur.
The minotaur shudders.
The minotaur is heavily wounded. x2
You sock the minotaur!
The minotaur shudders.
The minotaur is heavily wounded. x2
The minotaur is no longer moving slowly.
The minotaur hits you with a +1 great sword of draining!!
* * * LOW HITPOINT WARNING * * *
You feel drained.
You die...

3#...#.8©.#.# #.#
3#...#....#.# #.#
©#.8.#.8©...# #.#
)#...#....#.# #.#
.#...#.8©.#.# #.#
.#...#....#.# ###
##...##...#.# ##.#
.....§##..#.######(...#
...8.####.#.....@H.#
......##############
###...≈# Dw#...##
≈≈#...≈# ..#...##
≈$#...≈ .©#.8.##
."#...≈


You could see a minotaur (poisoned).

Vanquished Creatures
  A ghost crab (Gauntlet)
  5 death yaks (D:10)
  Amaemon (D:10)
  3 sixfirhies (Gauntlet)
  2 orange demons
  2 unseen horrors
  Maggie (D:7)
  2 gargoyles (D:8)
  2 hellwings (D:11)
  A red devil (D:11)
  3 trolls
  A hornet (D:10)
  A slime creature (D:8)
  A shadow (D:11)
  A vampire (D:10)
  2 wraiths (D:11)
  Eustachio (D:4)
  5 yaks (D:8)
  A steam dragon (D:9)
  A vampire mosquito (D:8)
  Duvessa (D:5)
  2 water moccasins
  4 orc warriors
  3 ice beasts
  3 black bears
  6 ogres
  2 centaurs (D:8)
  2 phantoms
  2 kobold brigands
  7 bullfrogs
  2 necrophages (D:5)
  5 scorpions
  A gnoll sergeant (D:10)
  5 wights (D:7)
  Dowan (D:5)
  12 killer bees
  3 howler monkeys
  5 quasits (D:11)
  8 hounds
  A jelly (D:6)
  A gnoll bouda (D:8)
  6 orc priests
  4 iguanas
  12 orc wizards
  Natasha (thrice) (D:4)
  15 gnolls
  2 adders (D:2)
  An ufetubus (D:4)
  2 worms
  3 dart slugs
  56 orcs
  7 endoplasms
  A giant cockroach (D:1)
  8 goblins
  12 hobgoblins
  7 jackals
  19 kobolds
  4 quokkas
  5 ball pythons
  2 bats
  4 frilled lizards
  5 rats
291 creatures vanquished.

Notes
Turn   | Place    | Note
-------+----------+-------------------------------------------
     0 | D:1      | Kazon the Demigod Fighter began the quest for the Orb.
     0 | D:1      | Reached XP level 1. HP: 18/18 MP: 3/3
    33 | D:1      | Identified a scroll of acquirement
    33 | D:1      | Acquired 1074 gold pieces
   271 | D:1      | Reached XP level 2. HP: 12/25 MP: 4/4
  1085 | D:3      | Found Umat's Antique Weapon Boutique.
  1168 | D:3      | Bought a crude falchion for 184 gold pieces
  1168 | D:3      | Identified the +3 falchion of Winter {venom, rCorr} (You
                  | bought it in a shop on level 3 of the Dungeon)
  1341 | D:2      | Reached XP level 3. HP: 31/31 MP: 5/5
  1435 | D:2      | Reached skill level 1 in Dodging
  1639 | D:2      | Reached XP level 4. HP: 38/38 MP: 6/6
  2017 | D:3      | Reached skill level 1 in Throwing
  2234 | D:4      | Noticed Natasha
  2246 | D:4      | Killed Natasha
  2247 | D:4      | Reached XP level 5. HP: 45/45 MP: 7/7
  2266 | D:4      | Noticed an ogre
  2279 | D:4      | Killed an ogre
  2433 | D:4      | Reached XP level 6. HP: 51/51 MP: 8/8
  2485 | D:4      | Noticed Natasha
  2486 | D:4      | Noticed Eustachio
  2495 | D:4      | Killed Natasha
  2511 | D:4      | Killed Eustachio
  2610 | D:4      | Reached XP level 7. HP: 54/57 MP: 9/9
  2683 | D:4      | Reached skill level 5 in Long Blades
  2685 | D:4      | Noticed Natasha
  2696 | D:4      | Killed Natasha
  3260 | D:5      | Entered Level 5 of the Dungeon
  3406 | D:5      | Noticed Duvessa
  3408 | D:5      | Reached XP level 8. HP: 66/66 MP: 10/10
  3415 | D:5      | Noticed Dowan
  3422 | D:5      | Killed Duvessa
  3427 | D:5      | Killed Dowan
  3803 | D:5      | Reached skill level 5 in Armour
  4169 | D:6      | Reached skill level 1 in Evocations
  4169 | D:6      | Found the +6 shillelagh "Devastator" {shatter}
  4341 | D:6      | Reached XP level 9. HP: 72/72 MP: 11/11
  4401 | D:6      | Reached skill level 1 in Stealth
  4651 | D:7      | Noticed Maggie
  4667 | D:7      | Killed Maggie
  4668 | D:7      | Reached skill level 1 in Maces & Flails
  4771 | D:7      | Reached skill level 2 in Maces & Flails
  4837 | D:7      | Found Binerhev's Lightly-Used Armoury.
  4844 | D:7      | Bought a -2 crystal plate armour for 980 gold pieces
  4931 | D:7      | Found a staircase to the Ecumenical Temple.
  4935 | D:7      | Reached skill level 5 in Fighting
  5337 | D:7      | Reached skill level 3 in Maces & Flails
  5740 | D:8      | Reached XP level 10. HP: 80/81 MP: 13/13
  5746 | D:8      | Found a runed translucent gate.
  5746 | D:8      | Found a runed translucent gate.
  5746 | D:8      | Found a runed translucent gate.
  5748 | D:8      | Noticed Gurantaxtaxq's ghost (novice DECj)
  5748 | D:8      | Noticed Venter's ghost (novice MiFi)
  5749 | D:8      | Noticed worthlessgem's ghost (novice FeTm)
  5749 | D:8      | Noticed Valamore's ghost (novice OgFE)
  5749 | D:8      | Noticed voltaire321's ghost (novice DsIE)
  5833 | D:8      | Reached skill level 4 in Maces & Flails
  5994 | D:8      | Reached skill level 5 in Maces & Flails
  5994 | D:8      | Reached skill level 5 in Throwing
  6026 | D:8      | Identified the +6 great sword of the Gloaming {distort, rC+
                  | Will+ Dex+4}
  6586 | D:9      | Reached skill level 5 in Evocations
  6758 | D:9      | Found a runed translucent gate.
  6759 | D:9      | Found a runed translucent gate.
  6760 | D:9      | Found a runed translucent gate.
  6855 | D:9      | Noticed Iusername's ghost (novice MiFi)
  6918 | D:9      | Found Sudgh's Antique Weapon Shop.
  7006 | D:10     | Entered Level 10 of the Dungeon
  7103 | D:10     | Noticed a death yak
  7121 | D:10     | Killed a death yak
  7122 | D:10     | Reached skill level 6 in Maces & Flails
  7191 | D:10     | Noticed a death yak
  7204 | D:10     | Noticed a death yak
  7204 | D:10     | Noticed a death yak
  7207 | D:10     | Killed a death yak
  7208 | D:10     | Reached XP level 11. HP: 64/89 MP: 14/14
  7218 | D:10     | Noticed a death yak
  7225 | D:10     | Killed a death yak
  7231 | D:10     | Killed a death yak
  7232 | D:10     | Reached skill level 7 in Maces & Flails
  7235 | D:10     | Killed a death yak
  7314 | D:10     | Noticed Amaemon
  7332 | D:10     | Killed Amaemon
  7420 | D:10     | Found a staircase to the Lair.
  7474 | D:10     | Reached skill level 8 in Maces & Flails
  7861 | D:11     | Reached skill level 5 in Shields
  8571 | D:12     | Found a gate leading to a gauntlet.
  8578 | Gauntlet | Entered a Gauntlet
  8578 | Gauntlet | Found a transporter.
  8581 | Gauntlet | Found a transporter.
  8582 | Gauntlet | Found a runed translucent door.
  8583 | Gauntlet | Noticed a hell beast
  8584 | Gauntlet | Found a transporter.
  8585 | Gauntlet | Noticed a quicksilver ooze
  8587 | Gauntlet | Found a transporter.
  8588 | Gauntlet | Found a transporter.
  8589 | Gauntlet | Noticed a four-headed hydra
  8592 | Gauntlet | Found a runed translucent door.
  8593 | Gauntlet | Found a runed translucent door.
  8594 | Gauntlet | Noticed a cacodemon
  8597 | Gauntlet | Found a transporter.
  8597 | Gauntlet | Found the +12 glaive of Prune {vorpal}
  8608 | Gauntlet | Found a transporter.
  8625 | Gauntlet | Noticed a ghost crab
  8626 | Gauntlet | Found a transporter.
  8643 | Gauntlet | Found a transporter.
  8647 | Gauntlet | Found a transporter.
  8647 | Gauntlet | Noticed a sixfirhy
  8647 | Gauntlet | Noticed a sixfirhy
  8652 | Gauntlet | Noticed a sixfirhy
  8658 | Gauntlet | Found a transporter.
  8683 | Gauntlet | Killed a sixfirhy
  8686 | Gauntlet | Killed a sixfirhy
  8687 | Gauntlet | Reached skill level 9 in Maces & Flails
  8687 | Gauntlet | Killed a sixfirhy
  8698 | Gauntlet | Identified the ring "Rutul" {Wiz rF+ Int+5}
  8727 | Gauntlet | Identified the amulet of Otuet {Acrobat Str+6}
  8738 | Gauntlet | Killed a ghost crab
  8842 | Gauntlet | Noticed a minotaur
  8851 | Gauntlet | Slain by a minotaur

Illustrated notes

Levels and vault maps discovered:
D:1:      dpeg_arrival_three_smaller_balls, layout_basic
D:2:      layout_loops_ring
D:3:      layout_basic, serial_shops, nicolae_shop_stone, st_stairs_7
D:4:      minmay_razor_zed, layout_basic, worldfamousw_hep_ancestral_shrine,
          uniq_eustachio, uniq_natasha
D:5:      layout_basic, uniq_duvessa
D:6:      layout_rooms, dilly_guarded_unrand_devastator
D:7:      layout_basic, nicolae_uskayaw_dance_hall,
          mainiacjoe_overflow_six_doors_small,
          minmay_temple_entry_drinking_statues, serial_rivers,
          chequers_serial_rivers_micro_b, chequers_serial_rivers_small_a,
          chequers_serial_rivers_small_a, chequers_serial_rivers_large_a,
          chequers_serial_rivers_micro_a, minmay_shop_damaged, uniq_maggie
D:8:      minmay_tri_box, layout_loops_ring, gammafunk_ghost_cemetery,
          minmay_manual_mares
D:9:      layout_gridville, serial_shops, nicolae_take_the_stairs,
          gammafunk_ghost_ooze, minivault_11
D:10:     layout_roguey, dpeg_lair_monsters, uniq_amaemon
D:11:     layout_cave_pods, serial_demonic, serial_demonic_e, serial_demonic_f,
          serial_demonic_c, serial_demonic_f
D:12:     layout_roguey, david_orc_2, gauntlet_entry_generic,
          gammafunk_ghost_wrathful_warriors
Gauntlet: minmay_gauntlet_mixed_oops_all_seconds [minmay_gauntlet_arena_77_path,
          nicolae_gauntlet_arena_quarters, minmay_gauntlet_arena_77_fan,
          nicolae_gauntlet_arena_flowing_pool,
          minmay_gauntlet_arena_77_shame_cube, gammafunk_gauntlet_arena_teeth,
          dreamdust_gauntlet_exit_labyrinth]

Skill      XL: |  1  2  3  4  5  6  7  8  9 10 11 |
---------------+----------------------------------+-----
Long Blades    | 2 3 4 5 7 |  7.5
Fighting       | 3 4 5 6 7 |  7.1
Dodging        | 1 2 3 |  3.8
Throwing       | 1 2 3 4 5 6 |  6.0
Armour         | 3 4 5 6 7 8 |  8.2
Shields        | 3 4 5 |  5.3
Evocations     | 1 3 5 6 |  6.6
Stealth        | 1 |  1.9
Maces & Flails | 3 6 9 |  9.3
Axes           | |  0.3

Action                   |  1- 3 |  4- 6 |  7- 9 | 10-12 || total
-------------------------+-------+-------+-------+-------++-------
Melee: Long sword        |    69 |       |       |       ||    69
       Falchion          |    39 |    99 |   219 |       ||   357
       Shillelagh        |       |       |    93 |   205 ||   298
       War axe           |       |       |       |     1 ||     1
Throw: Stone             |     4 |    12 |    28 |    52 ||    96
       Dart              |     3 |     2 |     9 |     2 ||    16
       Boomerang         |       |       |     1 |     5 ||     6
  Use: Scroll            |     1 |       |     5 |     3 ||     9
       Potion            |       |       |       |     2 ||     2
 Stab: Sleeping          |       |       |     1 |       ||     1
Armor: Scale mail        |    46 |    50 |    41 |       ||   137
       Ring mail         |       |       |    41 |       ||    41
       Crystal plate arm |       |       |    19 |   174 ||   193
Dodge: Dodged            |    52 |    50 |   109 |    43 ||   254
Block: Buckler           |    21 |    24 |    57 |    58 ||   160
